[ AOE2 MATCH · #463595103 ]
Team RMBengalis vs Hindustanis
Player's team · WIN
[ REPLAY ANALYSIS · EXTRACTED FROM THE RECORDED GAME ]
Feudal
15:05
Castle
22:13
Imperial
30:52
| APM avg | 46.6 |
| APM peak | 81 |
| eAPM avg | 29.7 |
| Villagers / military | 207 / 373 |
Focus
⚔️ 32.4% · 🌾 67.6%
Scout Cavalry ×154 · Ratha (Ranged) ×109 · Battle Elephant ×83 · Trade Cart ×58 · Armored Elephant ×14 · Mangonel ×6
Feudal
12:11
Castle
20:13
Imperial
38:16
| APM avg | 18.2 |
| APM peak | 48 |
| eAPM avg | 10.0 |
| Villagers / military | 55 / 153 |
Focus
⚔️ 41.8% · 🌾 58.2%
Spearman ×114 · Eagle Scout ×11 · Jaguar Warrior ×9 · Trebuchet (Packed) ×7 · Battering Ram ×6 · Monk ×2
Feudal
—
Castle
—
Imperial
—
| APM avg | 8.7 |
| APM peak | 40 |
| eAPM avg | 5.9 |
| Villagers / military | 123 / 0 |
Focus
⚔️ 5.5% · 🌾 94.5%
Feudal
11:44
Castle
20:19
Imperial
43:39
| APM avg | 25.5 |
| APM peak | 64 |
| eAPM avg | 14.7 |
| Villagers / military | 115 / 306 |
Focus
⚔️ 41.0% · 🌾 59.0%
Skirmisher ×96 · Scout Cavalry ×73 · Archer ×66 · Spearman ×55 · Trade Cart ×15 · Fire Lancer ×13
Feudal
10:39
Castle
17:57
Imperial
45:10
| APM avg | 22.8 |
| APM peak | 55 |
| eAPM avg | 13.7 |
| Villagers / military | 154 / 99 |
Focus
⚔️ 29.1% · 🌾 70.9%
Konnik ×53 · Militia ×42 · Trade Cart ×5 · Scout Cavalry ×4
Feudal
—
Castle
—
Imperial
—
| APM avg | 20.6 |
| APM peak | 58 |
| eAPM avg | 12.3 |
| Villagers / military | 159 / 371 |
Focus
⚔️ 27.5% · 🌾 72.5%
Knight ×298 · Cavalry Archer ×70 · Trade Cart ×12 · Trebuchet (Packed) ×2 · Monk ×1
Feudal
11:44
Castle
15:16
Imperial
28:50
| APM avg | 16.0 |
| APM peak | 53 |
| eAPM avg | 11.6 |
| Villagers / military | 167 / 263 |
Focus
⚔️ 31.0% · 🌾 69.0%
Elephant Archer ×110 · Scout Cavalry ×80 · Shrivamsha Rider ×45 · Camel Scout ×18 · Trebuchet (Packed) ×8 · Monk ×2
Feudal
13:05
Castle
22:38
Imperial
47:17
| APM avg | 21.8 |
| APM peak | 52 |
| eAPM avg | 16.8 |
| Villagers / military | 184 / 301 |
Focus
⚔️ 45.1% · 🌾 54.9%
Knight ×169 · Spearman ×88 · Throwing Axeman ×40 · Trade Cart ×11 · Monk ×2 · Battering Ram ×2
Match map
Initial resources + every placement click. Lines = walls · curves = elevation contours. ◆ gold · ⬟ stone · ● berries · ✦ relic · ◌ wall gap
Your base· ✓ Closed at 22:13 · 53t walls · no gate
Joy Games Interactive's base· ✓ Closed at 20:13 · 49t walls · 1 gate(s)
PATRIOTSFAN323's base· Open — unwalled flank
rodolfo casas notengo's base· ✓ Closed at 20:19 · 61t walls · 1 gate(s)
kpearcechauhann's base· ✓ Closed at 17:57 · 0t walls · fragile
DRO CRE2's base· Open — unwalled flank
小小海贼's base· Open — unwalled flank
皇族盗号大王's base· ✓ Closed at 22:38 · 58t walls · 3 gate(s) · fragile
Smoothed initial terrain · ◌ = detected wall gap · hover for details
Inputs per minute
— arping0904 - - Joy Games Interactive
Build order — arping0904
First 150 of 958 actions detected
| 0:01 | Create | Villager (Male) |
| 0:01 | Create | Villager (Male) |
| 0:02 | Create | Villager (Male) |
| 0:02 | Create | Villager (Male) |
| 0:02 | Create | Villager (Male) |
| 0:04 | Build | House |
| 0:06 | Build | House |
| 1:35 | Create | Villager (Male) |
| 1:36 | Create | Villager (Male) |
| 1:57 | Create | Villager (Male) |
| 1:58 | Create | Villager (Male) |
| 2:27 | Create | Villager (Male) |
| 2:27 | Create | Villager (Male) |
| 2:50 | Create | Villager (Male) |
| 2:50 | Create | Villager (Male) |
| 3:11 | Create | Villager (Male) |
| 3:11 | Create | Villager (Male) |
| 3:16 | Build | House |
| 3:28 | Research | Loom |
| 3:28 | Research | Loom |
| 3:48 | Create | Villager (Male) |
| 3:49 | Create | Villager (Male) |
| 3:49 | Create | Villager (Male) |
| 3:49 | Create | Villager (Male) |
| 4:25 | Create | Villager (Male) |
| 4:25 | Create | Villager (Male) |
| 4:26 | Create | Villager (Male) |
| 4:46 | Create | Villager (Male) |
| 4:47 | Create | Villager (Male) |
| 4:59 | Build | Mill |
| 5:08 | Create | Villager (Male) |
| 5:08 | Create | Villager (Male) |
| 5:58 | Build | Palisade Wall |
| 6:19 | Create | Villager (Male) |
| 6:19 | Create | Villager (Male) |
| 6:21 | Build | House |
| 7:15 | Create | Villager (Male) |
| 7:15 | Create | Villager (Male) |
| 7:19 | Build | Farm |
| 7:30 | Build | Lumber Camp |
| 7:40 | Build | Palisade Wall |
| 7:50 | Build | Farm |
| 7:55 | Create | Villager (Male) |
| 7:55 | Create | Villager (Male) |
| 8:01 | Create | Villager (Male) |
| 8:10 | Build | House |
| 8:31 | Build | Palisade Wall |
| 8:42 | Create | Villager (Male) |
| 8:42 | Create | Villager (Male) |
| 8:42 | Create | Villager (Male) |
| 8:55 | Create | Villager (Male) |
| 8:55 | Create | Villager (Male) |
| 9:12 | Create | Villager (Male) |
| 9:12 | Create | Villager (Male) |
| 9:18 | Build | Farm |
| 9:21 | Create | Villager (Male) |
| 9:22 | Create | Villager (Male) |
| 9:52 | Create | Villager (Male) |
| 9:52 | Create | Villager (Male) |
| 10:09 | Create | Villager (Male) |
| 10:22 | Create | Villager (Male) |
| 10:22 | Create | Villager (Male) |
| 10:29 | Build | House |
| 10:42 | Create | Villager (Male) |
| 11:13 | Create | Villager (Male) |
| 11:13 | Create | Villager (Male) |
| 12:03 | Build | Palisade Wall |
| 12:12 | Build | Farm |
| 12:12 | Build | Farm |
| 12:13 | Build | Farm |
| 12:15 | Build | Farm |
| 12:15 | Build | Farm |
| 12:15 | Build | Farm |
| 12:16 | Build | Farm |
| 12:16 | Build | Farm |
| 12:27 | Research | Feudal Age |
| 12:27 | Research | Feudal Age |
| 12:51 | Build | House |
| 13:15 | Create | Villager (Male) |
| 13:16 | Create | Villager (Male) |
| 13:16 | Create | Villager (Male) |
| 13:28 | Build | Farm |
| 14:55 | Build | Mining Camp |
| 15:05 | Age | Feudal Age |
| 15:14 | Build | Lumber Camp |
| 15:19 | Create | Villager (Male) |
| 15:20 | Research | Double-Bit Axe |
| 15:21 | Research | Double-Bit Axe |
| 15:43 | Build | Barracks |
| 15:56 | Build | Blacksmith |
| 16:18 | Research | Horse Collar |
| 16:54 | Create | Villager (Male) |
| 16:55 | Create | Villager (Male) |
| 17:05 | Build | House |
| 17:22 | Build | House |
| 17:23 | Build | House |
| 17:28 | Create | Villager (Male) |
| 17:32 | Create | Villager (Male) |
| 17:51 | Build | House |
| 18:03 | Build | Mining Camp |
| 18:13 | Build | Market |
| 18:18 | Create | Villager (Male) |
| 18:30 | Build | House |
| 18:37 | Build | Stable |
| 18:42 | Create | Villager (Male) |
| 18:49 | Create | Villager (Male) |
| 19:17 | Research | Castle Age |
| 19:18 | Research | Castle Age |
| 19:26 | Build | House |
| 19:27 | Build | House |
| 19:35 | Build | Market |
| 20:02 | Build | House |
| 20:05 | Research | Bloodlines |
| 20:37 | Research | Fletching |
| 20:43 | Build | House |
| 21:19 | Build | House |
| 21:25 | Create | Trade Cart |
| 21:26 | Create | Trade Cart |
| 21:39 | Create | Villager (Male) |
| 21:39 | Create | Villager (Male) |
| 22:01 | Build | House |
| 22:02 | Build | House |
| 22:13 | Age | Castle Age |
| 22:14 | Build | House |
| 22:18 | Build | Farm |
| 22:18 | Build | Farm |
| 22:21 | Build | Farm |
| 22:21 | Build | Farm |
| 22:22 | Build | Farm |
| 22:22 | Build | Farm |
| 22:30 | Create | Villager (Male) |
| 22:49 | Build | Farm |
| 23:00 | Build | Lumber Camp |
| 23:27 | Research | Caravan |
| 23:37 | Build | Monastery |
| 23:42 | Create | Villager (Male) |
| 23:44 | Create | Villager (Male) |
| 23:58 | Build | Castle |
| 24:04 | Create | Villager (Male) |
| 24:09 | Research | Bow Saw |
| 24:09 | Research | Bow Saw |
| 24:23 | Build | Farm |
| 24:24 | Build | Farm |
| 24:33 | Create | Villager (Male) |
| 24:43 | Create | Trade Cart |
| 24:54 | Build | House |
| 25:14 | Create | Villager (Male) |
| 25:14 | Create | Villager (Male) |
| 25:32 | Build | Mining Camp |
| 25:54 | Build | House |
Build order — Joy Games Interactive
First 150 of 261 actions detected
| 0:03 | Create | Villager (Male) ×4 |
| 0:06 | Build | House |
| 0:09 | Build | House |
| 0:12 | Build | House |
| 0:13 | Build | House |
| 1:37 | Create | Villager (Male) |
| 2:22 | Create | Villager (Male) |
| 2:29 | Create | Villager (Male) |
| 3:21 | Create | Villager (Male) |
| 3:21 | Create | Villager (Male) |
| 3:21 | Create | Villager (Male) |
| 3:54 | Create | Villager (Male) |
| 3:54 | Create | Villager (Male) |
| 4:45 | Create | Villager (Male) |
| 4:45 | Create | Villager (Male) |
| 5:18 | Create | Villager (Male) |
| 5:19 | Create | Villager (Male) |
| 5:46 | Research | Loom |
| 6:15 | Create | Villager (Male) |
| 6:17 | Create | Villager (Male) |
| 6:33 | Build | Mill |
| 7:07 | Build | Lumber Camp |
| 7:33 | Create | Villager (Male) |
| 7:34 | Create | Villager (Male) |
| 8:43 | Create | Villager (Male) |
| 9:10 | Build | Palisade Wall |
| 10:01 | Research | Feudal Age |
| 10:59 | Build | Palisade Wall |
| 11:17 | Build | Mill |
| 11:28 | Create | Villager (Male) |
| 11:28 | Create | Villager (Male) |
| 11:40 | Create | Villager (Male) |
| 11:47 | Build | House |
| 12:11 | Age | Feudal Age |
| 12:26 | Research | Double-Bit Axe |
| 12:26 | Research | Double-Bit Axe |
| 12:30 | Research | Horse Collar |
| 12:30 | Research | Horse Collar |
| 12:40 | Create | Villager (Male) |
| 12:40 | Create | Villager (Male) |
| 12:43 | Create | Villager (Male) |
| 12:44 | Create | Villager (Male) |
| 12:48 | Create | Villager (Male) |
| 14:01 | Build | House |
| 14:05 | Build | House |
| 14:37 | Build | Market |
| 15:00 | Build | Blacksmith |
| 15:07 | Build | Farm |
| 15:07 | Build | Farm |
| 15:08 | Build | Farm |
| 15:10 | Build | Farm |
| 15:31 | Build | Palisade Gate |
| 15:47 | Build | Palisade Wall |
| 16:02 | Create | Villager (Male) |
| 16:11 | Build | Mining Camp |
| 16:25 | Build | Mining Camp |
| 16:37 | Create | Villager (Male) |
| 16:50 | Create | Villager (Male) |
| 17:09 | Build | Farm |
| 17:09 | Build | Farm |
| 17:31 | Build | Palisade Wall |
| 17:33 | Research | Castle Age |
| 18:51 | Research | Stone Mining |
| 18:57 | Research | Gold Mining |
| 19:20 | Build | Palisade Wall |
| 20:13 | Age | Castle Age |
| 20:20 | Create | Villager (Male) |
| 20:30 | Create | Villager (Male) |
| 20:55 | Build | Town Center |
| 21:01 | Research | Bow Saw |
| 21:28 | Build | Stone Wall |
| 21:37 | Create | Villager (Male) |
| 22:09 | Research | Heavy Plow |
| 22:09 | Research | Heavy Plow |
| 23:27 | Build | Castle |
| 23:36 | Create | Villager (Male) |
| 23:39 | Create | Villager (Male) |
| 23:49 | Create | Villager (Male) |
| 24:11 | Create | Villager (Male) |
| 24:13 | Create | Villager (Male) |
| 24:52 | Build | Farm |
| 24:52 | Build | Farm |
| 24:52 | Build | Farm |
| 24:52 | Build | Farm |
| 24:53 | Build | Farm |
| 24:53 | Build | Farm |
| 24:53 | Build | Farm |
| 24:54 | Build | Farm |
| 25:01 | Create | Villager (Male) |
| 25:06 | Create | Villager (Male) |
| 25:37 | Build | Monastery |
| 25:39 | Build | Barracks |
| 25:45 | Build | Barracks |
| 25:50 | Build | Siege Workshop |
| 26:02 | Research | Fletching |
| 26:27 | Build | Gate |
| 26:47 | Research | Arson |
| 26:49 | Create | Jaguar Warrior |
| 26:50 | Create | Jaguar Warrior |
| 26:51 | Create | Jaguar Warrior |
| 27:03 | Create | Villager (Male) |
| 27:07 | Create | Villager (Male) |
| 27:32 | Create | Jaguar Warrior |
| 27:37 | Create | Mangonel |
| 27:43 | Create | Battering Ram |
| 27:44 | Create | Battering Ram |
| 27:54 | Build | Barracks |
| 27:58 | Create | Monk |
| 28:54 | Create | Jaguar Warrior |
| 28:55 | Create | Jaguar Warrior |
| 28:55 | Create | Jaguar Warrior |
| 28:55 | Create | Jaguar Warrior |
| 28:56 | Create | Jaguar Warrior |
| 28:59 | Research | Pikeman (upgrade) |
| 29:03 | Research | Scale Mail Armor |
| 30:25 | Create | Petard |
| 30:26 | Create | Petard |
| 30:43 | Create | Battering Ram |
| 31:25 | Create | Battering Ram |
| 31:26 | Create | Battering Ram |
| 31:26 | Create | Battering Ram |
| 31:36 | Create | Mangonel |
| 31:45 | Research | Squires |
| 32:02 | Research | Town Watch |
| 32:07 | Research | Forging |
| 32:08 | Research | Chain Mail Armor |
| 32:11 | Research | Forging |
| 32:22 | Build | Mining Camp |
| 33:24 | Create | Monk |
| 33:26 | Research | Sanctity |
| 33:27 | Research | Fervor |
| 34:39 | Create | Spearman ×5 |
| 35:06 | Research | Imperial Age |
| 36:43 | Create | Spearman ×5 |
| 36:44 | Create | Spearman ×5 |
| 36:46 | Create | Spearman ×5 |
| 36:46 | Create | Spearman ×5 |
| 37:09 | Build | Castle |
| 37:15 | Build | House |
| 37:15 | Build | House |
| 37:16 | Build | House |
| 37:16 | Build | House |
| 38:11 | Create | Eagle Scout |
| 38:12 | Create | Eagle Scout |
| 38:12 | Create | Eagle Scout |
| 38:12 | Create | Eagle Scout |
| 38:12 | Create | Eagle Scout |
| 38:16 | Age | Imperial Age |
| 38:28 | Research | Conscription |
| 38:32 | Build | Mining Camp |
Build order — PATRIOTSFAN323
First 150 of 239 actions detected
| 0:02 | Create | Villager (Male) ×4 |
| 0:05 | Build | House |
| 0:08 | Build | House |
| 1:08 | Create | Villager (Male) |
| 1:53 | Create | Villager (Male) |
| 2:13 | Create | Villager (Male) |
| 2:53 | Create | Villager (Male) |
| 2:54 | Create | Villager (Male) |
| 2:54 | Create | Villager (Male) |
| 3:21 | Build | House |
| 3:38 | Create | Villager (Male) |
| 3:39 | Create | Villager (Male) |
| 3:58 | Create | Villager (Male) |
| 3:58 | Create | Villager (Male) |
| 4:10 | Create | Villager (Male) |
| 4:10 | Create | Villager (Male) |
| 4:24 | Create | Villager (Male) |
| 4:24 | Create | Villager (Male) |
| 5:09 | Create | Villager (Male) |
| 5:29 | Build | Lumber Camp |
| 5:32 | Create | Villager (Male) |
| 5:48 | Build | House |
| 6:41 | Create | Villager (Male) |
| 6:57 | Build | Mill |
| 7:31 | Create | Villager (Male) |
| 8:03 | Research | Feudal Age |
| 8:48 | Build | House |
| 9:31 | Build | Mining Camp |
| 9:50 | Create | Villager (Male) |
| 9:51 | Create | Villager (Male) |
| 9:51 | Create | Villager (Male) |
| 10:19 | Build | Blacksmith |
| 10:45 | Build | Market |
| 10:48 | Build | Farm |
| 11:06 | Build | Farm |
| 11:08 | Create | Villager (Male) |
| 11:33 | Build | Farm |
| 11:35 | Create | Villager (Male) |
| 11:44 | Build | House |
| 11:57 | Build | Farm |
| 12:19 | Create | Villager (Male) |
| 12:21 | Build | Farm |
| 12:34 | Build | House |
| 12:44 | Create | Villager (Male) |
| 12:47 | Build | Farm |
| 12:58 | Research | Castle Age |
| 13:04 | Build | House |
| 13:40 | Build | House |
| 14:21 | Create | Villager (Male) |
| 14:21 | Create | Villager (Male) |
| 14:21 | Create | Villager (Male) |
| 14:26 | Research | Double-Bit Axe |
| 14:37 | Build | House |
| 15:22 | Build | House |
| 15:32 | Build | House |
| 15:41 | Build | House |
| 15:46 | Build | House |
| 15:51 | Build | Palisade Wall |
| 15:54 | Create | Villager (Male) |
| 15:54 | Create | Villager (Male) |
| 16:18 | Build | Town Center |
| 16:36 | Build | Farm |
| 16:42 | Build | Town Center |
| 17:04 | Build | Town Center |
| 17:09 | Build | Farm |
| 17:10 | Build | Farm |
| 17:12 | Create | Villager (Male) |
| 17:13 | Create | Villager (Male) |
| 17:13 | Create | Villager (Male) |
| 17:37 | Build | Farm |
| 17:40 | Create | Villager (Male) |
| 17:41 | Create | Villager (Male) |
| 17:59 | Build | Farm |
| 18:02 | Create | Villager (Male) |
| 18:02 | Create | Villager (Male) |
| 18:02 | Create | Villager (Male) |
| 18:02 | Create | Villager (Male) |
| 18:03 | Create | Villager (Male) |
| 18:13 | Create | Villager (Male) |
| 18:13 | Create | Villager (Male) |
| 18:17 | Create | Villager (Male) ×5 |
| 18:20 | Build | Farm |
| 18:25 | Create | Villager (Male) |
| 19:02 | Build | Farm |
| 19:03 | Build | Farm |
| 19:04 | Build | Farm |
| 19:05 | Build | Farm |
| 19:08 | Create | Villager (Male) |
| 19:08 | Research | Loom |
| 19:08 | Research | Loom |
| 19:09 | Create | Villager (Male) |
| 19:09 | Create | Villager (Male) |
| 19:16 | Create | Villager (Male) |
| 19:16 | Create | Villager (Male) |
| 19:27 | Build | Mining Camp |
| 19:29 | Create | Villager (Male) |
| 19:30 | Create | Villager (Male) |
| 19:58 | Build | Farm |
| 20:00 | Build | Farm |
| 20:05 | Research | Gold Mining |
| 20:08 | Create | Villager (Male) |
| 20:09 | Create | Villager (Male) |
| 20:09 | Create | Villager (Male) |
| 20:14 | Build | House |
| 20:16 | Build | House |
| 20:16 | Build | House |
| 20:17 | Build | House |
| 20:17 | Build | House |
| 20:17 | Build | House |
| 20:19 | Create | Villager (Male) |
| 20:20 | Create | Villager (Male) |
| 20:30 | Build | Farm |
| 20:32 | Create | Villager (Male) |
| 20:36 | Build | Farm |
| 20:43 | Create | Villager (Male) |
| 20:45 | Build | Farm |
| 20:51 | Build | Farm |
| 21:00 | Research | Gold Shaft Mining |
| 21:07 | Create | Villager (Male) |
| 21:07 | Create | Villager (Male) |
| 21:10 | Create | Villager (Male) |
| 21:10 | Create | Villager (Male) |
| 21:10 | Create | Villager (Male) |
| 21:10 | Create | Villager (Male) |
| 21:12 | Build | Farm |
| 21:13 | Build | Farm |
| 21:23 | Create | Villager (Male) |
| 21:23 | Create | Villager (Male) |
| 21:41 | Build | House |
| 21:41 | Build | House |
| 21:42 | Build | House |
| 21:44 | Build | Farm |
| 21:45 | Build | Farm |
| 21:53 | Create | Villager (Male) |
| 21:53 | Create | Villager (Male) |
| 21:53 | Create | Villager (Male) |
| 21:53 | Create | Villager (Male) |
| 21:53 | Create | Villager (Male) |
| 22:08 | Create | Villager (Male) |
| 22:09 | Create | Villager (Male) |
| 22:13 | Build | House |
| 22:15 | Build | House |
| 22:16 | Build | House |
| 22:16 | Build | House |
| 22:16 | Build | House |
| 22:16 | Build | House |
| 22:20 | Create | Villager (Male) |
| 22:20 | Create | Villager (Male) |
| 22:20 | Create | Villager (Male) |
| 22:20 | Create | Villager (Male) |
Build order — rodolfo casas notengo
First 150 of 339 actions detected
| 0:11 | Create | Villager (Male) |
| 0:11 | Create | Villager (Male) |
| 0:11 | Create | Villager (Male) |
| 0:14 | Build | House |
| 0:16 | Build | House |
| 0:45 | Create | Villager (Male) |
| 0:47 | Research | Loom |
| 1:24 | Build | Lumber Camp |
| 1:48 | Create | Villager (Male) |
| 1:49 | Create | Villager (Male) |
| 2:34 | Create | Villager (Male) |
| 2:34 | Create | Villager (Male) |
| 2:35 | Create | Villager (Male) |
| 3:12 | Create | Villager (Male) |
| 3:28 | Create | Villager (Male) |
| 3:28 | Create | Villager (Male) |
| 3:49 | Build | Mill |
| 4:09 | Create | Villager (Male) |
| 4:10 | Create | Villager (Male) |
| 4:21 | Build | House |
| 4:47 | Create | Villager (Male) |
| 4:48 | Create | Villager (Male) |
| 4:48 | Create | Villager (Male) |
| 5:11 | Create | Villager (Male) |
| 5:49 | Create | Villager (Male) |
| 6:07 | Build | Farm |
| 6:20 | Create | Villager (Male) |
| 6:20 | Create | Villager (Male) |
| 6:25 | Create | Villager (Male) |
| 6:37 | Build | Farm |
| 7:06 | Build | House |
| 7:27 | Build | Farm |
| 7:28 | Create | Villager (Male) |
| 7:46 | Create | Villager (Male) |
| 8:38 | Create | Villager (Male) |
| 8:51 | Create | Villager (Male) |
| 9:17 | Build | House |
| 9:34 | Research | Feudal Age |
| 10:34 | Build | Barracks |
| 11:09 | Create | Villager (Male) |
| 11:44 | Age | Feudal Age |
| 11:52 | Build | Palisade Wall |
| 11:57 | Create | Spearman |
| 12:12 | Create | Villager (Male) |
| 12:25 | Build | Archery Range |
| 12:31 | Create | Villager (Male) |
| 12:54 | Build | Palisade Wall |
| 13:01 | Create | Villager (Male) |
| 13:03 | Create | Spearman |
| 13:32 | Build | House |
| 13:47 | Build | House |
| 14:00 | Create | Archer |
| 14:01 | Create | Villager (Male) |
| 14:20 | Create | Villager (Male) |
| 14:36 | Create | Skirmisher |
| 14:49 | Build | Palisade Wall |
| 15:00 | Create | Skirmisher |
| 15:01 | Create | Villager (Male) |
| 15:16 | Create | Spearman |
| 15:23 | Build | Mining Camp |
| 16:07 | Create | Villager (Male) |
| 16:13 | Research | Wheelbarrow |
| 16:30 | Create | Archer |
| 17:02 | Build | Blacksmith |
| 17:17 | Build | Palisade Wall |
| 17:25 | Create | Archer |
| 17:28 | Create | Skirmisher |
| 17:31 | Create | Spearman |
| 17:39 | Research | Castle Age |
| 18:26 | Build | Palisade Gate |
| 18:41 | Create | Spearman |
| 18:43 | Create | Archer |
| 20:06 | Build | Palisade Wall |
| 20:19 | Create | Archer |
| 20:19 | Age | Castle Age |
| 20:31 | Build | Archery Range |
| 20:35 | Create | Villager (Male) |
| 20:38 | Create | Spearman |
| 20:48 | Build | Town Center |
| 20:55 | Build | Town Center |
| 21:04 | Create | Archer |
| 21:07 | Create | Villager (Male) |
| 21:15 | Research | Double-Bit Axe |
| 21:31 | Build | Palisade Wall |
| 21:44 | Create | Archer |
| 21:44 | Create | Archer |
| 21:46 | Create | Villager (Male) |
| 21:55 | Build | Farm |
| 21:56 | Build | Farm |
| 22:14 | Create | Archer |
| 22:17 | Create | Villager (Male) |
| 22:21 | Build | Farm |
| 22:24 | Build | Farm |
| 22:25 | Build | Farm |
| 22:36 | Create | Spearman |
| 22:43 | Build | Palisade Wall |
| 22:50 | Build | Farm |
| 23:06 | Create | Villager (Male) |
| 23:18 | Create | Archer |
| 23:19 | Create | Archer |
| 23:22 | Create | Fire Lancer |
| 23:29 | Build | Barracks |
| 23:39 | Research | Horse Collar |
| 23:43 | Create | Archer ×5 |
| 23:56 | Create | Villager (Male) |
| 24:27 | Build | House |
| 24:28 | Build | House |
| 24:31 | Build | House |
| 24:44 | Build | House |
| 24:45 | Build | House |
| 24:54 | Research | Fletching |
| 24:57 | Create | Fire Lancer |
| 24:59 | Create | Fire Lancer |
| 25:18 | Build | Stone Wall |
| 25:40 | Research | Crossbowman (upgrade) |
| 26:02 | Build | Gate |
| 26:07 | Create | Archer |
| 26:10 | Create | Spearman |
| 26:11 | Create | Spearman |
| 26:13 | Create | Villager (Male) |
| 26:22 | Build | Market |
| 26:34 | Build | Siege Workshop |
| 26:58 | Create | Villager (Male) |
| 26:59 | Create | Villager (Male) |
| 27:17 | Build | Farm |
| 27:17 | Build | Farm |
| 27:25 | Build | Stone Wall |
| 27:29 | Build | Gate |
| 28:06 | Research | Bodkin Arrow |
| 28:09 | Create | Fire Lancer ×5 |
| 28:10 | Create | Villager (Male) |
| 28:26 | Build | Farm |
| 28:26 | Build | Farm |
| 28:27 | Build | Farm |
| 28:31 | Create | Villager (Male) |
| 28:54 | Create | Archer ×5 |
| 29:36 | Research | Forging |
| 29:50 | Create | Villager (Male) ×2 |
| 30:04 | Create | Archer ×5 |
| 30:12 | Create | Iron Pagoda |
| 30:17 | Research | Bow Saw |
| 30:27 | Create | Villager (Male) ×4 |
| 30:46 | Build | Outpost |
| 30:51 | Build | Farm |
| 30:54 | Build | Farm |
| 31:09 | Create | Archer ×5 |
| 31:25 | Build | House |
| 31:26 | Build | House |
| 31:27 | Build | House |
| 31:37 | Create | Archer ×5 |
Build order — kpearcechauhann
First 150 of 443 actions detected
| 0:05 | Build | House |
| 0:06 | Create | Villager (Male) |
| 0:06 | Create | Villager (Male) |
| 0:08 | Build | House |
| 0:23 | Create | Villager (Male) |
| 0:23 | Create | Villager (Male) |
| 0:23 | Create | Villager (Male) |
| 1:35 | Create | Villager (Male) |
| 1:36 | Create | Villager (Male) |
| 2:16 | Create | Villager (Male) |
| 2:16 | Create | Villager (Male) |
| 2:30 | Create | Villager (Male) |
| 2:30 | Create | Villager (Male) |
| 2:30 | Create | Villager (Male) |
| 2:48 | Build | Lumber Camp |
| 3:07 | Create | Villager (Male) |
| 3:07 | Create | Villager (Male) |
| 3:07 | Create | Villager (Male) |
| 3:08 | Create | Villager (Male) |
| 3:56 | Create | Villager (Male) |
| 3:56 | Create | Villager (Male) |
| 4:15 | Create | Villager (Male) |
| 4:16 | Create | Villager (Male) |
| 4:16 | Create | Villager (Male) |
| 4:16 | Create | Villager (Male) |
| 4:31 | Build | House |
| 4:35 | Build | House |
| 5:31 | Build | Mill |
| 5:53 | Create | Villager (Male) |
| 5:54 | Create | Villager (Male) |
| 5:54 | Create | Villager (Male) |
| 5:54 | Create | Villager (Male) |
| 6:40 | Create | Villager (Male) |
| 6:40 | Create | Villager (Male) |
| 6:41 | Create | Villager (Male) |
| 6:47 | Create | Villager (Male) |
| 6:58 | Build | House |
| 7:09 | Create | Villager (Male) |
| 7:49 | Create | Villager (Male) |
| 8:17 | Build | Mill |
| 8:22 | Create | Villager (Male) |
| 8:29 | Research | Feudal Age |
| 8:29 | Research | Feudal Age |
| 8:53 | Create | Villager (Male) |
| 9:04 | Build | Barracks |
| 10:39 | Age | Feudal Age |
| 10:43 | Build | Blacksmith |
| 10:57 | Build | Market |
| 11:03 | Create | Villager (Male) |
| 11:10 | Create | Villager (Male) |
| 11:16 | Research | Horse Collar |
| 11:32 | Create | Villager (Male) |
| 11:46 | Build | Mining Camp |
| 11:55 | Build | Farm |
| 12:04 | Build | Farm |
| 12:04 | Build | Farm |
| 12:04 | Build | Farm |
| 12:15 | Build | House |
| 12:22 | Create | Villager (Male) |
| 12:35 | Create | Villager (Male) |
| 12:48 | Create | Villager (Male) |
| 12:56 | Build | Farm |
| 13:04 | Build | Farm |
| 13:12 | Build | Farm |
| 13:15 | Create | Villager (Male) |
| 13:27 | Build | Farm |
| 13:37 | Build | Farm |
| 14:09 | Create | Villager (Male) |
| 14:13 | Create | Villager (Male) |
| 14:21 | Build | Farm |
| 14:22 | Build | Farm |
| 14:22 | Build | Farm |
| 14:45 | Build | House |
| 14:52 | Create | Villager (Male) |
| 15:11 | Research | Castle Age |
| 15:12 | Research | Castle Age |
| 15:50 | Build | Stable |
| 15:59 | Research | Scale Mail Armor |
| 16:12 | Create | Scout Cavalry |
| 16:41 | Create | Scout Cavalry |
| 16:56 | Create | Scout Cavalry |
| 17:08 | Build | Mining Camp |
| 17:22 | Create | Scout Cavalry |
| 17:57 | Age | Castle Age |
| 18:22 | Build | Krepost |
| 19:29 | Research | Bloodlines |
| 19:49 | Create | Konnik |
| 19:57 | Create | Villager (Male) |
| 19:58 | Create | Villager (Male) |
| 19:58 | Create | Villager (Male) |
| 19:58 | Create | Villager (Male) |
| 20:45 | Build | Farm |
| 20:45 | Build | Farm |
| 20:45 | Build | Farm |
| 20:45 | Build | Farm |
| 20:46 | Build | Farm |
| 21:04 | Build | Town Center |
| 21:08 | Create | Konnik |
| 21:20 | Create | Konnik |
| 21:40 | Create | Villager (Male) |
| 21:44 | Create | Villager (Male) |
| 22:14 | Create | Villager (Male) |
| 22:21 | Create | Konnik |
| 22:38 | Research | Double-Bit Axe |
| 23:08 | Build | Stone Wall |
| 23:21 | Create | Villager (Male) |
| 23:21 | Create | Villager (Male) |
| 23:29 | Build | Farm |
| 23:30 | Build | Farm |
| 23:30 | Build | Farm |
| 23:45 | Create | Villager (Male) |
| 23:50 | Create | Konnik |
| 23:56 | Create | Villager (Male) |
| 23:56 | Create | Villager (Male) |
| 23:56 | Create | Villager (Male) |
| 23:57 | Create | Villager (Male) |
| 24:33 | Create | Villager (Male) |
| 24:33 | Create | Villager (Male) |
| 24:35 | Create | Villager (Male) |
| 24:35 | Create | Villager (Male) |
| 25:14 | Build | Castle |
| 25:40 | Create | Konnik |
| 25:47 | Create | Villager (Male) |
| 25:47 | Create | Villager (Male) |
| 25:50 | Create | Villager (Male) |
| 25:50 | Create | Villager (Male) |
| 26:07 | Build | Mining Camp |
| 26:11 | Create | Villager (Male) |
| 26:12 | Create | Villager (Male) |
| 26:46 | Build | Town Center |
| 27:31 | Research | Stirrups |
| 28:06 | Create | Villager (Male) |
| 28:07 | Create | Villager (Male) |
| 28:08 | Research | Town Watch |
| 28:12 | Research | Wheelbarrow |
| 28:13 | Create | Villager (Male) |
| 28:14 | Research | Loom |
| 28:15 | Create | Villager (Male) |
| 28:15 | Create | Villager (Male) |
| 28:55 | Create | Villager (Male) |
| 28:55 | Create | Villager (Male) |
| 28:56 | Create | Villager (Male) |
| 28:56 | Create | Villager (Male) |
| 30:01 | Create | Villager (Male) |
| 30:01 | Create | Villager (Male) |
| 30:08 | Research | Hand Cart |
| 30:13 | Create | Villager (Male) |
| 30:13 | Create | Villager (Male) |
| 30:19 | Create | Konnik |
| 30:28 | Create | Trade Cart |
Build order — DRO CRE2
First 150 of 439 actions detected
| 0:02 | Create | Villager (Male) |
| 0:03 | Create | Villager (Male) |
| 0:03 | Create | Villager (Male) |
| 0:03 | Create | Villager (Male) |
| 0:06 | Build | House |
| 0:09 | Build | House |
| 1:24 | Create | Villager (Male) |
| 1:25 | Create | Villager (Male) |
| 2:13 | Create | Villager (Male) |
| 2:13 | Create | Villager (Male) |
| 2:19 | Create | Villager (Male) |
| 2:20 | Create | Villager (Male) |
| 3:03 | Create | Villager (Male) |
| 3:07 | Create | Villager (Male) |
| 3:08 | Create | Villager (Male) |
| 3:35 | Build | Mill |
| 3:39 | Create | Villager (Male) |
| 3:39 | Create | Villager (Male) |
| 3:51 | Create | Villager (Male) |
| 4:21 | Create | Villager (Male) |
| 4:57 | Create | Villager (Male) |
| 4:58 | Create | Villager (Male) |
| 5:04 | Build | House |
| 5:25 | Create | Villager (Male) |
| 5:26 | Create | Villager (Male) |
| 5:57 | Create | Villager (Male) |
| 5:58 | Create | Villager (Male) |
| 6:07 | Build | Mining Camp |
| 6:11 | Create | Villager (Male) |
| 6:21 | Create | Villager (Male) |
| 6:41 | Create | Villager (Male) |
| 7:00 | Create | Villager (Male) |
| 7:08 | Build | Lumber Camp |
| 8:04 | Build | House |
| 8:15 | Create | Villager (Male) |
| 8:58 | Research | Feudal Age |
| 10:09 | Build | Mill |
| 11:34 | Build | Blacksmith |
| 11:42 | Build | Market |
| 12:20 | Research | Castle Age |
| 12:54 | Build | Farm |
| 12:57 | Build | Farm |
| 13:26 | Build | Lumber Camp |
| 13:55 | Research | Double-Bit Axe |
| 14:54 | Create | Villager (Male) |
| 14:54 | Create | Villager (Male) |
| 15:07 | Build | Town Center |
| 15:27 | Build | Town Center |
| 15:49 | Create | Villager (Male) |
| 16:10 | Create | Villager (Male) |
| 16:16 | Build | Monastery |
| 16:33 | Build | Farm |
| 16:36 | Create | Villager (Male) |
| 16:48 | Build | Farm |
| 16:55 | Create | Monk |
| 16:57 | Build | Farm |
| 16:58 | Create | Villager (Male) |
| 16:58 | Create | Villager (Male) |
| 17:12 | Create | Villager (Male) |
| 17:12 | Create | Villager (Male) |
| 17:16 | Build | Farm |
| 17:25 | Build | Farm |
| 17:29 | Create | Villager (Male) |
| 17:29 | Create | Villager (Male) |
| 17:36 | Build | Farm |
| 17:43 | Build | Farm |
| 17:48 | Build | Farm |
| 18:02 | Create | Villager (Male) |
| 18:02 | Create | Villager (Male) |
| 18:06 | Build | Farm |
| 18:11 | Build | Farm |
| 18:12 | Create | Villager (Male) |
| 18:13 | Create | Villager (Male) |
| 18:16 | Build | Farm |
| 18:18 | Create | Villager (Male) |
| 18:19 | Create | Villager (Male) |
| 18:29 | Create | Villager (Male) |
| 18:29 | Create | Villager (Male) |
| 18:40 | Build | Mill |
| 18:42 | Create | Villager (Male) |
| 18:42 | Create | Villager (Male) |
| 18:47 | Build | Farm |
| 18:57 | Create | Villager (Male) |
| 18:57 | Create | Villager (Male) |
| 19:15 | Create | Villager (Male) |
| 19:15 | Create | Villager (Male) |
| 19:30 | Create | Villager (Male) |
| 19:31 | Create | Villager (Male) |
| 19:51 | Create | Villager (Male) |
| 19:52 | Create | Villager (Male) |
| 20:01 | Create | Villager (Male) |
| 20:01 | Create | Villager (Male) |
| 20:04 | Build | Farm |
| 20:05 | Build | Farm |
| 20:07 | Build | Farm |
| 20:08 | Build | Farm |
| 20:12 | Build | House |
| 20:14 | Build | House |
| 20:20 | Research | Wheelbarrow |
| 20:34 | Research | Horse Collar |
| 20:39 | Build | Farm |
| 20:41 | Build | Farm |
| 20:48 | Create | Villager (Male) |
| 20:48 | Create | Villager (Male) |
| 20:51 | Build | House |
| 20:53 | Build | House |
| 20:53 | Build | House |
| 21:00 | Build | Farm |
| 21:04 | Build | Farm |
| 21:08 | Build | Farm |
| 21:12 | Build | Farm |
| 21:14 | Create | Villager (Male) |
| 21:15 | Create | Villager (Male) |
| 21:15 | Create | Villager (Male) |
| 21:18 | Create | Villager (Male) |
| 21:19 | Create | Villager (Male) |
| 21:35 | Create | Villager (Male) |
| 21:35 | Create | Villager (Male) |
| 21:53 | Create | Villager (Male) |
| 21:54 | Create | Villager (Male) |
| 21:54 | Create | Villager (Male) |
| 21:54 | Create | Villager (Male) |
| 22:02 | Build | Town Center |
| 22:04 | Create | Villager (Male) |
| 22:04 | Create | Villager (Male) |
| 22:23 | Create | Villager (Male) |
| 22:23 | Create | Villager (Male) |
| 22:24 | Create | Villager (Male) |
| 22:29 | Build | Market |
| 22:32 | Create | Villager (Male) |
| 22:32 | Create | Villager (Male) |
| 22:43 | Build | House |
| 22:45 | Build | House |
| 22:47 | Build | House |
| 22:52 | Build | House |
| 22:58 | Create | Villager (Male) |
| 23:11 | Build | Market |
| 23:15 | Create | Villager (Male) |
| 23:16 | Create | Villager (Male) |
| 23:28 | Create | Villager (Male) |
| 23:28 | Create | Villager (Male) |
| 23:36 | Build | House |
| 23:38 | Build | House |
| 23:38 | Build | House |
| 23:38 | Build | House |
| 23:39 | Build | House |
| 23:39 | Build | House |
| 23:39 | Build | House |
| 23:39 | Build | House |
| 23:39 | Build | House |
Build order — 小小海贼
First 150 of 467 actions detected
| 0:00 | Create | Villager (Male) |
| 0:01 | Create | Villager (Male) |
| 0:01 | Create | Villager (Male) |
| 0:04 | Build | House |
| 0:07 | Build | House |
| 1:10 | Build | Mill |
| 1:22 | Create | Villager (Male) |
| 1:22 | Create | Villager (Male) |
| 1:22 | Create | Villager (Male) |
| 1:22 | Create | Villager (Male) |
| 1:52 | Create | Villager (Male) |
| 1:53 | Create | Villager (Male) |
| 2:14 | Create | Villager (Male) |
| 2:14 | Create | Villager (Male) |
| 2:36 | Create | Villager (Male) |
| 2:36 | Create | Villager (Male) |
| 2:51 | Create | Villager (Male) |
| 2:51 | Create | Villager (Male) |
| 3:33 | Create | Villager (Male) |
| 3:33 | Create | Villager (Male) |
| 3:34 | Create | Villager (Male) |
| 3:54 | Build | House |
| 4:01 | Create | Villager (Male) |
| 4:01 | Create | Villager (Male) |
| 4:02 | Create | Villager (Male) |
| 4:02 | Create | Villager (Male) |
| 4:49 | Create | Villager (Male) |
| 4:49 | Create | Villager (Male) |
| 4:58 | Create | Villager (Male) |
| 4:58 | Create | Villager (Male) |
| 5:40 | Build | Lumber Camp |
| 5:51 | Create | Villager (Male) |
| 5:51 | Create | Villager (Male) |
| 6:11 | Build | House |
| 7:04 | Create | Villager (Male) |
| 7:43 | Create | Villager (Male) |
| 7:44 | Create | Villager (Male) |
| 8:10 | Build | House |
| 8:44 | Create | Villager (Male) |
| 8:44 | Create | Villager (Male) |
| 8:50 | Build | Mining Camp |
| 9:15 | Research | Feudal Age |
| 9:39 | Build | Farm |
| 9:45 | Build | Farm |
| 9:50 | Build | Farm |
| 9:53 | Build | Farm |
| 9:56 | Build | Farm |
| 10:12 | Build | Farm |
| 10:51 | Create | Villager (Male) |
| 10:51 | Create | Villager (Male) |
| 11:44 | Age | Feudal Age |
| 11:46 | Build | Market |
| 11:49 | Build | Blacksmith |
| 12:26 | Build | Lumber Camp |
| 12:36 | Research | Castle Age |
| 12:36 | Research | Castle Age |
| 12:51 | Build | House |
| 12:53 | Build | House |
| 13:01 | Research | Double-Bit Axe |
| 13:24 | Research | Horse Collar |
| 13:29 | Create | Villager (Male) |
| 13:38 | Build | House |
| 13:40 | Build | House |
| 14:40 | Build | House |
| 14:40 | Build | House |
| 15:16 | Age | Castle Age |
| 15:20 | Build | Town Center |
| 15:34 | Build | Town Center |
| 15:37 | Research | Bow Saw |
| 15:42 | Create | Villager (Male) |
| 16:02 | Create | Villager (Male) |
| 16:02 | Create | Villager (Male) |
| 16:18 | Build | Monastery |
| 16:43 | Create | Villager (Male) |
| 16:44 | Create | Villager (Male) |
| 16:53 | Create | Villager (Male) |
| 16:54 | Create | Villager (Male) |
| 17:02 | Create | Monk |
| 17:02 | Create | Monk |
| 17:11 | Create | Villager (Male) |
| 17:12 | Create | Villager (Male) |
| 17:18 | Build | Farm |
| 17:22 | Build | Farm |
| 17:24 | Build | Farm |
| 17:30 | Create | Villager (Male) |
| 17:34 | Build | Farm |
| 17:35 | Build | Farm |
| 17:40 | Build | Farm |
| 17:49 | Create | Villager (Male) |
| 17:55 | Create | Villager (Male) |
| 17:59 | Build | Farm |
| 18:00 | Build | Farm |
| 18:02 | Build | Farm |
| 18:03 | Build | Farm |
| 18:04 | Build | Farm |
| 18:11 | Create | Villager (Male) |
| 18:14 | Create | Villager (Male) |
| 18:15 | Create | Villager (Male) |
| 18:43 | Create | Villager (Male) |
| 18:43 | Create | Villager (Male) |
| 18:46 | Create | Villager (Male) |
| 18:53 | Build | Farm |
| 18:54 | Build | Farm |
| 19:29 | Research | Wheelbarrow |
| 19:34 | Create | Villager (Male) |
| 19:34 | Create | Villager (Male) |
| 19:44 | Build | Town Center |
| 19:54 | Create | Villager (Male) |
| 19:55 | Create | Villager (Male) |
| 20:01 | Build | Farm |
| 20:07 | Build | Farm |
| 20:10 | Build | Farm |
| 20:14 | Create | Villager (Male) |
| 20:14 | Create | Villager (Male) |
| 20:17 | Create | Villager (Male) |
| 20:17 | Create | Villager (Male) |
| 20:21 | Build | Farm |
| 20:39 | Build | Farm |
| 20:40 | Build | Farm |
| 21:00 | Create | Villager (Male) |
| 21:00 | Create | Villager (Male) |
| 21:04 | Create | Villager (Male) |
| 21:06 | Create | Villager (Male) |
| 21:12 | Build | Farm |
| 21:16 | Build | Farm |
| 21:17 | Build | Farm |
| 21:28 | Create | Villager (Male) |
| 21:28 | Create | Villager (Male) |
| 21:31 | Create | Villager (Male) |
| 21:31 | Create | Villager (Male) |
| 21:35 | Create | Villager (Male) |
| 21:35 | Create | Villager (Male) |
| 21:40 | Build | Farm |
| 21:48 | Build | Mill |
| 21:59 | Build | Farm |
| 22:00 | Build | Farm |
| 22:02 | Build | Farm |
| 22:05 | Build | Farm |
| 22:09 | Create | Villager (Male) |
| 22:10 | Create | Villager (Male) |
| 22:12 | Create | Villager (Male) |
| 22:14 | Create | Villager (Male) |
| 22:14 | Create | Villager (Male) |
| 22:20 | Build | Farm |
| 22:41 | Create | Villager (Male) |
| 22:41 | Create | Villager (Male) |
| 22:44 | Create | Villager (Male) |
| 22:44 | Create | Villager (Male) |
| 22:51 | Build | Farm |
| 22:53 | Build | Farm |
Build order — 皇族盗号大王
First 150 of 782 actions detected
| 0:03 | Build | House |
| 0:05 | Build | House |
| 0:05 | Create | Villager (Male) |
| 0:06 | Create | Villager (Male) |
| 0:06 | Create | Villager (Male) |
| 0:21 | Create | Villager (Male) |
| 0:21 | Create | Villager (Male) |
| 0:47 | Research | Loom |
| 0:47 | Create | Villager (Male) |
| 0:48 | Create | Villager (Male) |
| 0:48 | Create | Villager (Male) |
| 1:08 | Build | House |
| 1:36 | Build | Palisade Wall |
| 1:41 | Create | Villager (Male) |
| 1:42 | Create | Villager (Male) |
| 2:05 | Build | House |
| 2:39 | Create | Villager (Male) |
| 2:39 | Create | Villager (Male) |
| 2:56 | Create | Villager (Male) |
| 2:56 | Create | Villager (Male) |
| 3:38 | Create | Villager (Male) |
| 4:14 | Create | Villager (Male) |
| 4:15 | Create | Villager (Male) |
| 4:43 | Build | Palisade Wall |
| 4:53 | Create | Villager (Male) |
| 4:54 | Create | Villager (Male) |
| 5:00 | Create | Villager (Male) |
| 5:00 | Create | Villager (Male) |
| 5:03 | Create | Villager (Male) |
| 5:23 | Build | Palisade Gate |
| 5:47 | Build | Palisade Wall |
| 6:03 | Create | Villager (Male) |
| 6:04 | Create | Villager (Male) |
| 6:04 | Create | Villager (Male) |
| 6:04 | Create | Villager (Male) |
| 6:35 | Create | Villager (Male) |
| 6:36 | Create | Villager (Male) |
| 6:36 | Create | Villager (Male) |
| 7:09 | Build | Palisade Wall |
| 7:35 | Create | Villager (Male) |
| 7:35 | Create | Villager (Male) |
| 8:09 | Build | Lumber Camp |
| 8:19 | Build | House |
| 8:50 | Create | Villager (Male) |
| 8:51 | Create | Villager (Male) |
| 8:52 | Create | Villager (Male) |
| 9:16 | Build | Mill |
| 9:58 | Create | Villager (Male) |
| 9:58 | Create | Villager (Male) |
| 10:46 | Research | Feudal Age |
| 11:30 | Build | Lumber Camp |
| 11:41 | Build | Mining Camp |
| 11:43 | Build | Farm |
| 11:51 | Create | Villager (Male) |
| 11:52 | Create | Villager (Male) |
| 12:45 | Build | Mill |
| 13:05 | Age | Feudal Age |
| 13:19 | Create | Villager (Male) |
| 13:20 | Create | Villager (Male) |
| 13:36 | Build | Market |
| 13:49 | Build | Stone Wall |
| 13:58 | Build | Stone Wall |
| 14:04 | Build | Gate |
| 14:08 | Create | Villager (Male) |
| 14:08 | Create | Villager (Male) |
| 14:08 | Create | Villager (Male) |
| 14:15 | Build | House |
| 14:17 | Build | House |
| 14:29 | Research | Double-Bit Axe |
| 14:50 | Build | Stone Wall |
| 14:57 | Create | Villager (Male) |
| 14:58 | Create | Villager (Male) |
| 15:11 | Build | Blacksmith |
| 15:22 | Build | Mining Camp |
| 15:28 | Create | Villager (Male) |
| 15:29 | Create | Villager (Male) |
| 15:29 | Create | Villager (Male) |
| 15:48 | Build | Barracks |
| 15:51 | Build | Farm |
| 15:58 | Build | Farm |
| 16:02 | Build | Farm |
| 16:26 | Build | Gate |
| 16:34 | Create | Villager (Male) |
| 16:34 | Create | Villager (Male) |
| 16:48 | Build | Stone Wall |
| 17:01 | Build | Stone Wall |
| 17:14 | Build | Farm |
| 17:14 | Build | Farm |
| 17:14 | Build | Farm |
| 17:14 | Build | Farm |
| 17:15 | Build | Farm |
| 17:15 | Build | Farm |
| 17:15 | Build | Farm |
| 17:15 | Build | Farm |
| 17:16 | Build | Farm |
| 17:16 | Build | Farm |
| 17:16 | Build | Farm |
| 17:16 | Build | Farm |
| 17:17 | Build | Farm |
| 17:17 | Build | Farm |
| 17:25 | Create | Villager (Male) |
| 17:26 | Create | Villager (Male) |
| 17:38 | Build | Farm |
| 18:03 | Build | Farm |
| 18:18 | Create | Villager (Male) |
| 18:22 | Build | Farm |
| 18:38 | Build | House |
| 18:47 | Create | Villager (Male) |
| 18:55 | Build | Farm |
| 19:02 | Create | Villager (Male) |
| 19:09 | Build | Farm |
| 19:15 | Build | Farm |
| 19:31 | Build | Farm |
| 19:41 | Build | Farm |
| 19:52 | Build | Farm |
| 19:58 | Research | Castle Age |
| 20:20 | Research | Gold Mining |
| 20:56 | Research | Wheelbarrow |
| 21:00 | Research | Stone Mining |
| 22:38 | Age | Castle Age |
| 23:06 | Build | Town Center |
| 23:10 | Research | Bow Saw |
| 23:16 | Research | Gold Shaft Mining |
| 23:44 | Build | Town Center |
| 23:51 | Create | Villager (Male) |
| 23:51 | Create | Villager (Male) |
| 23:52 | Create | Villager (Male) |
| 23:52 | Create | Villager (Male) |
| 23:58 | Create | Villager (Male) |
| 23:59 | Create | Villager (Male) |
| 23:59 | Create | Villager (Male) |
| 24:00 | Create | Villager (Male) |
| 24:00 | Create | Villager (Male) |
| 24:01 | Create | Villager (Male) |
| 24:35 | Create | Villager (Male) |
| 24:36 | Create | Villager (Male) |
| 24:39 | Research | Forging |
| 24:40 | Research | Scale Mail Armor |
| 24:41 | Research | Scale Barding Armor |
| 24:53 | Build | Barracks |
| 25:02 | Build | Siege Workshop |
| 25:08 | Create | Villager (Male) |
| 25:13 | Research | Iron Casting |
| 25:18 | Research | Town Watch |
| 25:36 | Build | Stone Wall |
| 26:07 | Build | Stable |
| 26:16 | Create | Battering Ram |
| 26:17 | Create | Battering Ram |
| 26:26 | Research | Chain Barding Armor |
| 26:30 | Research | Pikeman (upgrade) |
Match timeline
| 1:36 | 皇族盗号大王 · wall_segment Palisade Wall x6 |
| 4:43 | 皇族盗号大王 · wall_segment Palisade Wall x14 |
| 5:47 | 皇族盗号大王 · wall_segment Palisade Wall x5 |
| 5:58 | arping0904 · wall_segment Palisade Wall x10 |
| 7:09 | 皇族盗号大王 · wall_segment Palisade Wall x6 |
| 7:40 | arping0904 · wall_segment Palisade Wall x3 |
| 8:31 | arping0904 · wall_segment Palisade Wall x21 |
| 9:04 | kpearcechauhann · first_building Barracks |
| 9:10 | Joy Games Interactive · wall_segment Palisade Wall x7 |
| 10:34 | rodolfo casas notengo · first_building Barracks |
| 10:39 | kpearcechauhann · age_up feudal |
| 10:59 | Joy Games Interactive · wall_segment Palisade Wall x11 |
| 11:44 | 小小海贼 · age_up feudal |
| 11:44 | rodolfo casas notengo · age_up feudal |
| 11:52 | rodolfo casas notengo · wall_segment Palisade Wall x8 |
| 12:03 | arping0904 · wall_segment Palisade Wall x19 |
| 12:11 | Joy Games Interactive · age_up feudal |
| 12:25 | rodolfo casas notengo · first_building Archery Range |
| 12:54 | rodolfo casas notengo · wall_segment Palisade Wall x1 |
| 13:05 | 皇族盗号大王 · age_up feudal |
| 13:49 | 皇族盗号大王 · wall_segment Stone Wall x7 |
| 13:58 | 皇族盗号大王 · wall_segment Stone Wall x2 |
| 14:49 | rodolfo casas notengo · wall_segment Palisade Wall x21 |
| 14:50 | 皇族盗号大王 · wall_segment Stone Wall x9 |
| 15:05 | kpearcechauhann · first_market_sell 100 stone |
| 15:05 | arping0904 · age_up feudal |
| 15:16 | 小小海贼 · age_up castle |
| 15:43 | arping0904 · first_building Barracks |
| 15:47 | Joy Games Interactive · wall_segment Palisade Wall x10 |
| 15:48 | 皇族盗号大王 · first_building Barracks |
| 15:50 | kpearcechauhann · first_building Stable |
| 15:51 | PATRIOTSFAN323 · wall_segment Palisade Wall x6 |
| 16:16 | DRO CRE2 · first_building Monastery |
| 16:18 | 小小海贼 · first_building Monastery |
| 16:48 | 皇族盗号大王 · wall_segment Stone Wall x4 |
| 16:49 | PATRIOTSFAN323 · first_market_buy 100 wood |
| 17:01 | 皇族盗号大王 · wall_segment Stone Wall x7 |
| 17:17 | rodolfo casas notengo · wall_segment Palisade Wall x13 |
| 17:31 | Joy Games Interactive · wall_segment Palisade Wall x11 |
| 17:46 | 小小海贼 · first_market_buy 100 food |
| 17:57 | kpearcechauhann · age_up castle |
| 18:22 | kpearcechauhann · first_building Krepost |
| 18:37 | arping0904 · first_building Stable |
| 19:20 | Joy Games Interactive · wall_segment Palisade Wall x10 |
| 20:06 | rodolfo casas notengo · wall_segment Palisade Wall x19 |
| 20:13 | Joy Games Interactive · age_up castle |
| 20:19 | rodolfo casas notengo · age_up castle |
| 21:28 | Joy Games Interactive · wall_segment Stone Wall x23 |
| 21:31 | rodolfo casas notengo · wall_segment Palisade Wall x5 |
| 22:13 | arping0904 · age_up castle |
| 22:38 | 皇族盗号大王 · age_up castle |
| 22:43 | rodolfo casas notengo · wall_segment Palisade Wall x4 |
| 23:08 | kpearcechauhann · wall_segment Stone Wall x16 |
| 23:27 | Joy Games Interactive · first_building Castle |
| 23:37 | arping0904 · first_building Monastery |
| 23:58 | arping0904 · first_building Castle |
| 23:58 | PATRIOTSFAN323 · first_building Monastery |
| 25:02 | 皇族盗号大王 · first_building Siege Workshop |
| 25:14 | kpearcechauhann · first_building Castle |
| 25:18 | rodolfo casas notengo · wall_segment Stone Wall x1 |
| 25:36 | 皇族盗号大王 · wall_segment Stone Wall x4 |
| 25:37 | Joy Games Interactive · first_building Monastery |
| 25:39 | Joy Games Interactive · first_building Barracks |
| 25:50 | Joy Games Interactive · first_building Siege Workshop |
| 26:05 | PATRIOTSFAN323 · first_building Barracks |
| 26:07 | 皇族盗号大王 · first_building Stable |
| 26:14 | arping0904 · first_market_sell 500 wood |
| 26:15 | PATRIOTSFAN323 · first_building Castle |
| 26:21 | 小小海贼 · first_building Barracks |
| 26:34 | rodolfo casas notengo · first_building Siege Workshop |
| 27:00 | PATRIOTSFAN323 · first_building Siege Workshop |
| 27:25 | rodolfo casas notengo · wall_segment Stone Wall x12 |
| 27:26 | DRO CRE2 · first_building Castle |
| 27:31 | 小小海贼 · first_building Archery Range |
| 28:22 | 小小海贼 · first_building Castle |
| 28:26 | DRO CRE2 · first_building Barracks |
| 28:50 | 小小海贼 · age_up imperial |
| 29:04 | 皇族盗号大王 · first_building Castle |
| 29:19 | PATRIOTSFAN323 · resign |
| 29:59 | DRO CRE2 · first_building Stable |
| 30:25 | rodolfo casas notengo · first_market_buy 100 food |
| 30:48 | 小小海贼 · first_building Stable |
| 30:52 | arping0904 · age_up imperial |
| 32:15 | arping0904 · first_building Siege Workshop |
| 32:38 | 皇族盗号大王 · wall_segment Stone Wall x3 |
| 32:51 | 皇族盗号大王 · wall_segment Stone Wall x1 |
| 34:23 | rodolfo casas notengo · first_building Castle |
| 35:00 | Joy Games Interactive · first_market_sell 500 wood |
| 37:05 | kpearcechauhann · first_market_buy 100 food |
| 38:16 | Joy Games Interactive · age_up imperial |
| 39:59 | rodolfo casas notengo · first_building Stable |
| 40:36 | Joy Games Interactive · first_market_buy 100 stone |
| 41:04 | arping0904 · first_market_buy 100 stone |
| 41:29 | DRO CRE2 · first_building Siege Workshop |
| 41:34 | DRO CRE2 · wall_segment Palisade Wall x1 |
| 42:21 | arping0904 · first_building Archery Range |
| 43:05 | 皇族盗号大王 · wall_segment Stone Wall x1 |
| 43:39 | rodolfo casas notengo · age_up imperial |
| 44:17 | rodolfo casas notengo · first_market_sell 100 wood |
| 45:10 | kpearcechauhann · age_up imperial |
| 46:00 | Joy Games Interactive · wall_segment Stone Wall x18 |
| 46:39 | Joy Games Interactive · wall_segment Stone Wall x14 |
| 47:17 | 皇族盗号大王 · age_up imperial |
| 47:48 | 皇族盗号大王 · first_building Monastery |
| 49:28 | Joy Games Interactive · wall_segment Stone Wall x1 |
| 49:38 | Joy Games Interactive · wall_segment Palisade Wall x22 |
| 50:21 | DRO CRE2 · first_building Archery Range |
| 61:58 | rodolfo casas notengo · wall_segment Stone Wall x14 |
| 62:09 | rodolfo casas notengo · wall_segment Stone Wall x13 |
| 63:25 | 皇族盗号大王 · first_market_sell 500 wood |
[ AI ANALYSIS · 1 CREDIT ]
What really happened in this match?
Wolo.gg analyzes every decision: build order, eco, micro, common mistakes by bracket. Personalized analysis on WhatsApp or Discord in 30 seconds.
Civ guide
Bengalis
Map guide
Oasis
Perfil
Jugador #22763491